 Dungeon Crawl Stone Soup version 0.29.1-2-gbd0b4ee654 (webtiles) character file.

Game seed: 1572806128849646486

50 JayTehDuck the Trooper (level 3, -1/33 HPs)
             Began as a Minotaur Berserker on Nov 14, 2022.
             Was a Believer of Trog.
             Succumbed to an adder's poison
             ... on level 3 of the Dungeon.
             The game lasted 00:01:32 (2194 turns).

JayTehDuck the Trooper (Minotaur Berserker)         Turns: 2194, Time: 00:01:33

Health: -1/33      AC:  2    Str: 23    XL:     3   Next: 55%
Magic:  2/2        EV: 12    Int:  4    God:    Trog [**....]
Gold:   88         SH:  0    Dex:  9    Spells: 2/2 levels left

rFire   . . .      SeeInvis .     - Unarmed
rCold   + . .      Faith    .   (no shield)
rNeg    . . .      Spirit   .   a - +0 animal skin
rPois   .          Reflect  .   (helmet restricted)
rElec   .          Harm     .   (no cloak)
rCorr   .          Rampage  .   (no gloves)
Will    .....                   (no boots)
Stlth   +.........              (no amulet)
HPRegen 0.11/turn               c - ring of protection from cold
MPRegen 0.08/turn               (no ring)

@: lethally poisoned (-1 -> -7)
A: horns 2, retaliatory headbutt
a: Renounce Religion, Berserk, Trog's Hand


You were on level 3 of the Dungeon.
You worshipped Trog.
Trog was pleased with you.
You visited 1 branch of the dungeon, and saw 3 of its levels.

You collected 88 gold pieces.

Inventory:

Armour
 a - a +0 animal skin (worn)
Jewellery
 c - a ring of protection from cold (left hand)
Scrolls
 b - a scroll of magic mapping {unknown}
 e - a scroll of teleportation {unknown}
 f - a scroll of enchant armour {unknown}
 g - a scroll of acquirement {unknown}
 h - a scroll of noise {unknown}
Potions
 d - 2 potions of curing {unknown}


   Skills:
 + Level 4.2 Fighting
 + Level 2.7 Armour
 + Level 2.6 Dodging
 + Level 4.2 Unarmed Combat


You had 2 spell levels left.
You didn't know any spells.
Your spell library was empty.

Dungeon Overview and Level Annotations

Branches:
Dungeon (3/15)

Altars:

Shops:
D:2 =(


Innate Abilities, Weirdness & Mutations

You have a pair of horns on your head.
You reflexively headbutt those who attack you in melee.


Message History

You barely miss the adder. The adder misses you. The orc barely misses you.
There are monsters nearby!
You barely miss the adder. The adder bites you.
You are poisoned.
The adder poisons you! The orc hits you with a +0 whip.
There are monsters nearby!
You hit the adder.
The adder is moderately wounded.
You feel sick. The adder bites you.
You are more poisoned.
The adder poisons you! The orc closely misses you.
There are monsters nearby!
You hit the adder.
The adder is heavily wounded.
You feel sick. The adder bites you but does no damage. The adder bites you.
You are lethally poisoned!
The adder poisons you! The orc hits you with a +0 whip.
* * * LOW HITPOINT WARNING * * *
There is a lethal amount of poison in your body!
You are too injured to fight recklessly!
There is a lethal amount of poison in your body!
You are too injured to fight recklessly!
There is a lethal amount of poison in your body!
You are too injured to fight recklessly!
You hit the orc but do no damage.
* * * LOW HITPOINT WARNING * * *
You feel sick. The adder misses you. The orc hits you but does no damage.
You punch the orc!
You kill the orc!
Trog accepts your kill.
* * * LOW HITPOINT WARNING * * *
You feel sick. The adder barely misses you.
Your Unarmed Combat skill increases to level 4!
* * * LOW HITPOINT WARNING * * *
You feel sick. The adder misses you. You furiously retaliate!
You headbutt the adder!
You kill the adder!
Trog accepts your kill.
Items here: $ ) = [ †.
You die...

.....##....####.###.##
#.........[..........###
#..........#..##<)......
#......†?†.......##..###
#..#.......#.>#####....#
#.........(#..# ##.#.#
#.....†....#..# #.#.#
#...##.)....... #.# #
#.. #.@....#.## #.#
#.......##...... ..#
....###.###.#.## ##. #.#
#.#.# .. ... . # ### #


There were no monsters in sight!

Vanquished Creatures
  An adder (D:3)
  An orc (D:3)
  6 ball pythons
  7 bats
  An endoplasm (D:1)
  2 giant cockroaches (D:1)
  5 goblins
  3 hobgoblins
  3 quokkas
  2 frilled lizards (D:1)
  4 kobolds
  2 rats (D:1)
37 creatures vanquished.

Notes
Turn   | Place    | Note
-------+----------+-------------------------------------------
     0 | D:1      | JayTehDuck the Minotaur Berserker began the quest for the
                  | Orb.
     0 | D:1      | Reached XP level 1. HP: 19/19 MP: 0/0
   178 | D:1      | Reached XP level 2. HP: 26/27 MP: 1/1
  1087 | D:2      | Found a faded altar of an unknown god.
  1311 | D:2      | Reached ** piety under Trog
  1312 | D:2      | Reached XP level 3. HP: 22/33 MP: 2/2
  1787 | D:2      | Found Jyfim's Antique Weapon Shoppe.
  1832 | D:2      | Found Loihel's Jewellery Boutique.
  2193 | D:3      | HP: 1/33 [poisoned by an adder]
  2194 | D:3      | Succumbed to an adder's poison

Illustrated notes

Levels and vault maps discovered:
D:1:      moated_graveyard_arrival, layout_basic
D:2:      layout_basic, ebering_ecumenical_altar_box, serial_shops, shop,
          nicolae_shop_waterfront
D:3:      layout_loops_ring, serial_shops, shop, st_stairs_6

Skill      XL: |  1  2  3 |
---------------+----------+-----
Fighting       | 4 |  4.2
Unarmed Combat | 4 |  4.2
Armour         | |  2.7
Dodging        | |  2.6

Action                   || total
-------------------------++-------
Melee: Unarmed           ||    83
       Headbutt          ||    12
Armor: Animal skin       ||    14
Dodge: Dodged            ||    57
